Unix NetHack Version 5.0.0-0 post-release - last build May 10 2026 23:12:36 (d1fa5d53e341ca933230fdaa984d921c805b60aa,branch:main).

Game began 2026-05-13 22:09:41, ended 2026-05-13 22:32:13.

Eymerich, chaotic male elven Priest

      ----------
      .........--
      ..|0|*--..|          .--
      -@| -----.|..---------..
      |h|     |................
      |.|     |.------------...
      -.|     ---          --[.|
      ..|                   |..|
      ..-                    -.|
      ...                    |.-#
                             |..#
                              -.#
                              |.|
                              |.|
                              |.|
                            ---<----
                            |...[[)*
                            --..----
                             ----

Eymerich the Acolyte         St:9 Dx:11 Co:13 In:12 Wi:20 Ch:10  Chaotic
Dlvl:5  $:78 HP:0(36) Pw:71(83) AC:4  Xp:5 T:2153  Burdened

Latest messages:
 You drop a cursed whistle.
 You drop a cursed lock pick.
 You drop a cursed yellow gem named soft.
 The gnome wields a thonged club!
 The gnome secures the tether on the thonged club.
 You kill the gnome!
 There is a gnome corpse here; eat it? [ynq] (n)
 This gnome corpse tastes okay.
 You stop eating the gnome corpse.
 There is a partly eaten gnome corpse here; eat it? [ynq] (n)
 You resume your meal.
 You stop eating the gnome corpse.
 The gnome hits!
 The gnome hits!
 You kill the gnome!
 There is a partly eaten gnome corpse here; eat it? [ynq] (n)
 You resume your meal.
 You stop eating the gnome corpse.
 The gnome hits!
 You hit the gnome.
 The gnome hits!
 You kill the gnome!
 Welcome to experience level 5.
 What do you want to wield? [- anwAUW or ?*]
 Never mind.
 There is a partly eaten gnome corpse here; eat it? [ynq] (n)
 You resume your meal.
 You finish eating the gnome corpse.
 You see here a thonged club.
 You have a little trouble lifting g - a thonged club.
 The dwarf lord throws a dagger!
 A dagger misses you.
 You see here a dagger.
 You miss the dwarf lord.
 The dwarf lord hits!
 The dwarf lord misses!
 You miss the dwarf lord.
 The dwarf lord hits!
 The dwarf lord hits again!
 In what direction?
 You feel better.
 You miss the dwarf lord.
 The dwarf lord hits!
 The dwarf lord hits again!
 You hit the dwarf lord.
 The dwarf lord hits!
 The dwarf lord hits again!
 You die...
 Do you want your possessions identified? [ynq] (y)
 Do you want to see your attributes? [ynq] (y)

Inventory:
 Coins    ('$')
  $ - 78 gold pieces
 Amulets  ('"')
  p - an amulet of ESP
 Weapons  (')')
  w - 8 +1 arrows
  n - 70 +0 arrows
  A - 25 +0 darts (at the ready)
  g - a +0 aklys
  U - a +2 dwarvish mattock
  W - a +0 flail
  a - a blessed +1 mace (weapon in right hand)
 Armor    ('[')
  Y - a +2 pair of iron shoes (being worn)
  V - a +2 dwarvish cloak (being worn)
  b - a +0 robe
 Comestibles  ('%')
  Q - a carrot
  e - a clove of garlic
  k - 2 food rations
  f - a sprig of wolfsbane
  l - 2 lichen corpses
 Scrolls  ('?')
  S - a scroll of food detection
 Potions  ('!')
  z - a blessed potion of fruit juice
  P - a potion of fruit juice
  d - 4 potions of holy water
  N - a potion of unholy water
 Rings    ('=')
  m - a ring of regeneration
 Tools    ('(')
  j - a leather drum
  v - a blindfold
  i - a magic marker (0:20)
  r - a magic whistle
  y - a cursed mirror
  M - a pair of lenses
  c - a skeleton key
 Gems/Stones  ('*')
  Z - 2 emeralds named hard
  T - a worthless piece of orange glass named soft

Eymerich the Priest's attributes:

Background:
 You were an Acolyte, a level 5 elven Priest.
 You were chaotic, on a mission for Anshar
 who was opposed by Anu (lawful) and Ishtar (neutral).
 You were right-handed.
 You were in the Gnomish Mines, on level 5.
 You entered the dungeon 2153 turns ago.
 It was nighttime.
 You had 160 experience points, 160 more were needed to attain level 6.

Basics:
 You had 0 out of 36 hit points.
 You had 71 out of 83 energy points (spell power).
 Your armor class was 4.
 Your wallet contained 78 zorkmids.
 Autopickup was off.

Final Characteristics:
 Your strength was 9 (limit:18).
 Your dexterity was 11 (limit:18).
 Your constitution was 13 (limit:16).
 Your intelligence was 12 (limit:20).
 Your wisdom was 20 (limit:20).
 Your charisma was 10 (limit:18).

Final Status:
 You weren't hungry.
 You were burdened; movement was slightly slowed.
 You were wielding a mace.
 You had basic skill with mace.

Final Attributes:
 You were piously aligned.
 Your items were somewhat protected from fire.
 Your items were somewhat protected from cold.
 You were sleep resistant.
 You had infravision.
 You were warded.
 You are dead.

Miscellaneous:
 You didn't encounter any bones levels.
 Total elapsed playing time was 22 minutes and 29 seconds.

Major events:
 Turn
    1: Eymerich the chaotic elven Priest entered the dungeon
  888: attained the rank of Acolyte (level 3)
 1904: entered the Gnomish Mines
 2153: killed by a dwarf lord

Spells:
 Name                 Level Category     Fail Retention
 healing                1   healing        0%  76%-100%
 remove curse           3   clerical       0%   81%-90%

Skills:
 Fighting Skills
   bare handed combat [Unskilled]
 Weapon Skills
   club               [Unskilled]
   mace               [Basic]
   morning star       [Unskilled]
   flail              [Unskilled]
   hammer             [Unskilled]
   quarterstaff       [Unskilled]
   polearms           [Unskilled]
   spear              [Unskilled]
   trident            [Unskilled]
   lance              [Unskilled]
   bow                [Unskilled]
   sling              [Unskilled]
   crossbow           [Unskilled]
   dart               [Unskilled]
   shuriken           [Unskilled]
   boomerang          [Unskilled]
   unicorn horn       [Unskilled]
 Spellcasting Skills
   healing spells     [Unskilled]
   divination spells  [Unskilled]
   clerical spells    [Basic]

Voluntary challenges:
 Character rerolling was not enabled.
 You were illiterate.
 You never genocided any monsters.
 You never polymorphed an object.
 You never changed form.
 You used no wishes.
Achievements:
 You attained the rank of Acolyte.
 You entered a shop.
 You entered the Gnomish Mines.

 The Dungeons of Doom: levels 1 to 5
    Level 1: "iron bars, vault"
       Many fountains.
    Level 2:
       A fountain.
    Level 3:
       A weapon shop, a sink.
    Level 4: "box 8 items"
       A fountain, a grave.
       Stairs down to The Gnomish Mines.
    Level 5:
 The Gnomish Mines:
    Level 5: <- You were here.
       Final resting place for
          you, killed by a dwarf lord.


Vanquished creatures:
  a gnome leader
  2 dwarves
 an iguana
  a gas spore
  2 hobgoblins
  a giant rat
  a yellow mold
  7 gnomes
  a gecko
  2 jackals
  a fox
  2 kobolds
  2 sewer rats
  4 grid bugs
  2 bats
  3 lichens
  a kobold zombie
  7 newts
41 creatures vanquished.

No species were genocided or became extinct.

Game over:
                       ----------
                      /          \
                     /    REST    \
                    /      IN      \
                   /     PEACE      \
                  /                  \
                  |     Eymerich     |
                  |      78 Au       |
                  |   killed by a    |
                  |    dwarf lord    |
                  |                  |
                  |                  |
                  |       2026       |
                 *|     *  *  *      | *
        _________)/\\_//(\/(/\)/\//\/|_)_______

Goodbye Eymerich the Priest...

You died in The Gnomish Mines on dungeon level 5 with 911 points,
and 78 pieces of gold, after 2153 moves.
You were level 5 with a maximum of 36 hit points when you died.

